 Dungeon Crawl Stone Soup version 0.24-a0-176-gc3651c4 (webtiles) character file.

Game seed: 8849725712393868174

630 CanOfBees the Covert (level 7, -2/32 HPs)
             Began as a Spriggan Enchanter on Mar 12, 2019.
             Slain by an orc warrior
             ... wielding a +0 dire flail
              (13 damage)
             ... on level 3 of the Dungeon.
             The game lasted 00:14:13 (9034 turns).

CanOfBees the Covert (Spriggan Enchanter)           Turns: 9034, Time: 00:14:13

Health: -2/32      AC:  2    Str:  4    XL:     7   Next: 24%
Magic:  6/14       EV: 19    Int: 19    God:
Gold:   249        SH:  3    Dex: 16    Spells: 5/14 levels left

rFire    . . .     SeeInvis +   a - +1 dagger
rCold    . . .     Gourm    .   (shield restricted)
rNeg     . . .     Faith    .   D - +0 robe
rPois    .         Spirit   .   (helmet restricted)
rElec    .         Reflect  +   (no cloak)
rCorr    .         Harm     .   (gloves unavailable)
MR       +....                  (boots unavailable)
Stlth    ++++......             q - +3 amulet of reflection
HPRegen  0.10/turn              s - ring of wizardry
MPRegen  0.14/turn              A - ring of flight

@: very quick
A: very small, unfitting armour, see invisible, herbivore, speed 3, slow
metabolism 2
a: Evoke Flight


You were on level 3 of the Dungeon.
You were near starving.

You visited 1 branch of the dungeon, and saw 4 of its levels.

You collected 249 gold pieces.

Inventory:

Hand Weapons
 a - a +1 dagger (weapon)
 b - a +2 dagger of venom
 n - a +0 short sword
 t - a +2 rapier of holy wrath
Missiles
 c - 42 bolts
 h - 93 stones (quivered)
 m - 2 throwing nets
 u - 43 arrows
 v - 13 poisoned needles
Armour
 D - a +0 robe (worn)
Jewellery
 q - a +3 amulet of reflection (around neck)
 s - a ring of wizardry (left hand)
 w - an uncursed ring of protection from cold
 A - a ring of flight (right hand)
Scrolls
 e - a scroll of remove curse
 g - a scroll of identify {unknown}
 i - a scroll of enchant weapon {unknown}
 k - a scroll of fear
 l - a scroll of enchant armour {unknown}
 y - a scroll of random uselessness {unknown}
 C - a scroll of fog {unknown}
Potions
 f - a potion of haste {unknown}
 j - a potion of mutation {unknown}
 o - a potion of degeneration {unknown}
 p - 2 potions of agility {unknown}
 r - a potion of curing {unknown}
 x - a potion of berserk rage {unknown}
 z - a potion of invisibility {unknown}
 B - 2 potions of heal wounds {unknown}
Comestibles
 d - 2 rations


   Skills:
 - Level 5.1 Short Blades
 + Level 4.1 Dodging
 - Level 8.1 Stealth
 - Level 4.2 Spellcasting
 * Level 5.0 Hexes


You had 5 spell levels left.
You knew the following spells:

 Your Spells              Type           Power        Failure   Level  Hunger
a - Corona                Hex            ###....      1%          1    None
b - Ensorcelled Hibernat  Hex/Ice        ##....       2%          2    #......
c - Confuse               Hex            ###.....     1%          3    ###....
d - Tukima's Dance        Hex            ###.....     1%          3    ###....

Your spell library contained the following spells:

 Spells                   Type           Power        Failure   Level  Hunger
 Dazzling Spray           Conj/Hex       ##....       6%          3    ###....


Dungeon Overview and Level Annotations

Branches:
Dungeon (4/15)
 Temple: D:4-7

Altars:
Dithmenos
Fedhas
Hepliaklqana
Xom
Yredelemnul
Zin

Annotations:
D:3 2 transporters, zbzbzb's ghost, amateur TeAE


Innate Abilities, Weirdness & Mutations

You are very small and have problems with some larger weapons.
You are too small for most types of armour.
You have supernaturally acute eyesight. (SInv)
You are a herbivore.
You cover ground extremely quickly.
You need to consume almost no food.


Message History

Press: ? - help, Shift-Dir - straight line, f/p - orc warrior
Aim: an orc warrior, wielding a +0 dire flail and wearing a +0 plate armour (confused, chance to defeat MR: 44%)
The orc warrior resists with some effort.
Your +2 rapier of holy wrath stops glowing.
a - a +1 dagger (weapon)
Casting: Ensorcelled Hibernation (safe; 2% risk of failure)
Confirm with . or Enter, or press ? or * to list all spells.
Aiming: Ensorcelled Hibernation (safe; 2% risk of failure)
Press: ? - help, Shift-Dir - straight line, f/p - orc warrior
Aim: an orc warrior, wielding a +0 dire flail and wearing a +0 plate armour (confused, chance to defeat MR: 44%)
The orc warrior resists with some effort.
Casting: Ensorcelled Hibernation (safe; 2% risk of failure)
Confirm with . or Enter, or press ? or * to list all spells.
Aiming: Ensorcelled Hibernation (safe; 2% risk of failure)
Press: ? - help, Shift-Dir - straight line, f/p - orc warrior
Aim: an orc warrior, wielding a +0 dire flail and wearing a +0 plate armour (confused, chance to defeat MR: 44%)
The orc warrior resists with some effort.
You hit the orc warrior but do no damage.
The orc warrior hits you with a +0 dire flail!
You die...

#.# #........##.####..###.....
#.#####.##.....##.####.)# ##...#
#.#.....##.....##.......# #....
#.#.............#####...####.##.
#.#.....###.....######..##......
#.#.....######.....).).....####.
#.###.........................#)
#.# #.....##....####......###...
#.# #>..#..#>.o@............###.
#.# #....#...........#....#.....
#.# #.....#..........#..#..#####
#.#######...#................# #
#..######..##................# #
##.##...#..###..#.##.........# #
#................##.........# #
#...........................###
#..............................


You could see an orc warrior (confused).

Vanquished Creatures
  Eustachio (D:4)
  4 orc priests
  A centaur skeleton (D:4)
  2 orc wizards (D:4)
  Terence (D:2)
  An iguana (D:4)
  Robin (D:1)
  4 adders
  8 gnolls
  An ooze (D:3)
  An adder skeleton (D:4)
  2 worms
  3 dart slugs
  4 leopard geckos
  8 orcs
  2 bats (D:2)
  5 giant cockroaches (D:3)
  9 hobgoblins
  2 jackals (D:3)
  10 kobolds
  A quokka (D:3)
  A ball python skeleton (D:2)
  2 frilled lizards (D:1)
  17 goblins
  14 rats
105 creatures vanquished.

Vanquished Creatures (others)
  2 plants
2 creatures vanquished.

Grand Total: 107 creatures vanquished

Notes
Turn   | Place    | Note
-------+----------+-------------------------------------------
     0 | D:1      | CanOfBees the Spriggan Enchanter began the quest for the
                  | Orb.
     0 | D:1      | Reached XP level 1. HP: 9/9 MP: 5/5
   577 | D:1      | Reached XP level 2. HP: 13/13 MP: 4/6
   581 | D:1      | Learned a level 2 spell: Ensorcelled Hibernation
   658 | D:1      | Reached skill level 5 in Stealth
  2086 | D:1      | Reached XP level 3. HP: 16/16 MP: 5/8
  2814 | D:2      | Noticed Terence
  3044 | D:2      | Reached skill level 6 in Stealth
  3069 | D:1      | Reached XP level 4. HP: 21/21 MP: 4/9
  3223 | D:2      | Killed Terence
  3311 | D:2      | Learned a level 3 spell: Confuse
  3585 | D:2      | Identified the +2 helmet of Orchis Gyoddu {+Fly}
  3585 | D:2      | Noticed Robin
  4109 | D:2      | Reached skill level 7 in Stealth
  4126 | D:1      | Killed Robin
  4126 | D:1      | Reached XP level 5. HP: 24/24 MP: 4/10
  4479 | D:2      | Found a basalt altar of Yredelemnul.
  4519 | D:2      | Found a glowing silver altar of Zin.
  4668 | D:2      | Found a blossoming altar of Fedhas.
  4688 | D:2      | Found a shadowy altar of Dithmenos.
  5117 | D:2      | Learned a level 3 spell: Tukima's Dance
  5185 | D:3      | Found a shimmering altar of Xom.
  5360 | D:3      | Found a hazy altar of Hepliaklqana.
  6157 | D:2      | Found a basalt altar of Yredelemnul.
  6166 | D:2      | Found a glowing silver altar of Zin.
  6406 | D:2      | Found a blossoming altar of Fedhas.
  6419 | D:2      | Found a shadowy altar of Dithmenos.
  7112 | D:3      | Reached skill level 8 in Stealth
  7112 | D:3      | Reached XP level 6. HP: 17/28 MP: 7/11
  7288 | D:3      | Found a transporter.
  7313 | D:3      | Identified the +12 spear of Tyirghoa {venom, Str+8 Dex-4}
  7614 | D:3      | Noticed zbzbzb's ghost (amateur TeAE)
  7658 | D:3      | Found a transporter.
  7769 | D:4      | Reached skill level 5 in Short Blades
  7846 | D:4      | Noticed an orc warrior
  8832 | D:4      | Noticed Eustachio
  8835 | D:4      | Killed Eustachio
  8835 | D:4      | Reached XP level 7. HP: 32/32 MP: 12/14
  8909 | D:4      | Reached skill level 5 in Hexes
  9034 | D:3      | Slain by an orc warrior

Levels and vault maps discovered:
D:1:      psy_arrival_fountain, layout_basic, moated_statue,
          lexackson_kobold_supper
D:2:      layout_rooms, nicolae_overflow_quartered_altars, serial_corexii_hall,
          corexii_hall_statues_i, corexii_hall_statues_l,
          chequers_hall_statues_wall_a, corexii_hall_statues_deadend,
          first_ration, uniq_terence, uniq_robin
D:3:      layout_rooms, overflow_temple_1_default,
          gammafunk_ghost_gnarly_gnolls, xom_teletrap_fun
D:4:      layout_rooms, st_stairs_3, uniq_eustachio

Skill      XL: |  1  2  3  4  5  6  7 |
---------------+----------------------+-----
Stealth        | 5 6 7 8 |  8.1
Short Blades   | 2 3 4 5 |  5.1
Spellcasting   | 4 |  4.2
Hexes          | 4 5 |  5.0
Dodging        | 4 |  4.1

Action                   |  1- 3 |  4- 6 |  7- 9 || total
-------------------------+-------+-------+-------++-------
Melee: Dagger            |   100 |   166 |     4 ||   270
       Rapier            |       |       |     3 ||     3
Throw: Stone             |     3 |    18 |     4 ||    25
 Cast: Corona            |    13 |       |       ||    13
       Ensorcelled Hiber |    29 |    42 |     3 ||    74
       Confuse           |       |    27 |     3 ||    30
  Use: Scroll            |       |     2 |       ||     2
 Stab: Sleeping          |    18 |    32 |       ||    50
       Confused          |       |    11 |     1 ||    12
  Eat: Ration            |     1 |     5 |       ||     6
Armor: Robe              |     9 |     6 |       ||    15
Dodge: Dodged            |    83 |    85 |     6 ||   174
Block: Other             |       |    13 |     1 ||    14

Table legend:
 A = Non-vault XP
 B = Vault XP
 C = Vault XP percentage of total XP
 D = Non-vault monster count
 E = Vault monster count
 F = Vault count percentage of total count
                 A         B        C        D         E       F
            +---------+---------+-------+---------+---------+-------
      Total |     621 |     279 |  31.0 |      83 |      22 |  21.0
            +---------+---------+-------+---------+---------+-------
        D:1 |      89 |      36 |  28.8 |      24 |      14 |  36.8
        D:2 |     148 |      46 |  23.7 |      22 |       7 |  24.1
        D:3 |     115 |       0 |   0.0 |      23 |       0 |   0.0
        D:4 |     269 |     197 |  42.3 |      14 |       1 |   6.7
            +---------+---------+-------+---------+---------+-------
